 Dungeon Crawl Stone Soup version 0.18-a0-1507-g69458e0 (webtiles) character file.

415 GrosslyIncandescent the Insei (level 6, -1/51 HPs)
             Began as a Mummy Monk on Mar 5, 2016.
             Slain by an iguana (7 damage)
             ... on level 3 of the Dungeon.
             The game lasted 00:11:01 (5503 turns).

GrosslyIncandescent the Insei (Mummy Monk)          Turns: 5503, Time: 00:11:01

Health: -1/51      AC:  5    Str: 15    XL:     6   Next: 60%
Magic:  6/6        EV: 14    Int:  9    God:
Gold:   119        SH:  0    Dex: 16    Spells: 0 memorised, 5 levels left

rFire  x . .     SeeInvis .       - Unarmed
rCold  + . .     Gourm    .     (no armour)
rNeg   + + +     Faith    .     (no shield)
rPois  ∞         Spirit   .     (no helmet)
rElec  .         Dismiss  .     (no cloak)
rCorr  .         Reflect  .     e - +0 pair of gloves
SustAt .         Harm     .     (no boots)
MR     .....                    (no amulet)
Stlth  ++........               (no ring)
                                h - +4 ring of protection {Neat}

@: not resistant to hostile enchantments, unstealthy
A: no food or potions, fire vulnerability, cold resistance 1, negative energy
resistance 3, torment resistance, unbreathing
a: no special abilities


You were on level 3 of the Dungeon.
You were not hungry.

You visited 1 branch of the dungeon, and saw 4 of its levels.

You collected 119 gold pieces.


Innate Abilities, Weirdness & Mutations

You do not eat or drink.
Your flesh is vulnerable to fire.
You are immune to poison.
Your flesh is cold resistant.
You are immune to negative energy.
You are immune to unholy pain and torment.
You can survive without breathing.


   Skills:
 - Level 5.0 Fighting
 - Level 3.6 Dodging
 - Level 1.5 Stealth
 + Level 0.1 Shields
 - Level 5.0 Unarmed Combat


You had 5 spell levels left.
You didn't know any spells.

Inventory:

Armour
 e - a +0 pair of gloves (worn)
 k - a +0 buckler
Jewellery
 h - a +4 ring of protection (left hand) {Neat}
Scrolls
 a - 2 scrolls of remove curse
 b - a scroll of magic mapping {unknown}
 c - 3 scrolls of identify {unknown}
 d - a scroll of amnesia {unknown}
 f - a scroll of enchant armour {unknown}
 g - 2 scrolls of teleportation {unknown}
 i - a scroll of immolation {unknown}
 j - a scroll of fear {unknown}

Dungeon Overview and Level Annotations

Branches:
Dungeon (4/15)             Temple (0/1) D:4

Altars:
Cheibriados
Elyvilon

Annotations:
D:2 Terence
D:3 !There's a fucking centaur
D:4 exclusions: plant and 7 more exclusions, Sigmund

▒▒▒▒▒▒.....▒▒▒▒▒▒▒..▒ ▒.
▒..................)▒ ▒.
▒▒.▒▒▒......▒▒▒▒▒▒▒▒.▒ ▒.
▒▒...▒▒.▒...▒▒ ▒.▒▒▒▒.
▒.......▒▒.▒▒▒▒▒▒ ▒.▒▒...
▒....▒▒▒▒▒......▒ ▒.▒▒...
▒.▒.▒▒▒▒▒▒▒▒▒▒▒.▒ ▒.▒▒...
▒.▒......▒▒▒▒▒▒.▒ ▒.▒▒...
▒.▒▒...(.oMl.▒▒.▒▒▒▒▒.▒▒...
▒.▒▒.▒▒▒.▒▒▒.▒.............
▒.▒▒.▒ ▒.▒▒▒.▒..▒▒▒▒▒.▒▒...
▒.▒▒.▒ ▒.▒......▒ ▒▒.▒▒▒▒▒
▒.▒▒.▒▒▒...▒▒▒..▒▒▒▒.....▒▒
▒.▒▒.▒▒..<..▒▒%........▒...
▒.▒▒.▒▒.....▒▒).▒▒▒▒.....▒▒
▒.<...............).▒.▒▒▒▒▒
▒..▒▒▒▒▒.........▒▒...▒▒▒▒▒


You could see an iguana and an orc wizard.


Message History

You pummel the orc wizard like a punching bag!
The orc wizard is moderately wounded!
The iguana completely misses you!
The orc wizard hits you with an enchanted dagger! * * * don't die
* * * You pummel the orc wizard like a punching bag!
The orc wizard is heavily wounded!
The iguana bites you!!! * * * don't die
* * * The orc wizard casts a spell at you!
You easily resist!
You closely miss the orc wizard!
The orc wizard is heavily wounded!
The iguana misses you!
The orc wizard hits you with an enchanted dagger! * * * don't die
* * * You closely miss the orc wizard!
The orc wizard is heavily wounded!
The iguana misses you!
The orc wizard hits you with an enchanted dagger! * * * don't die
* * * You closely miss the orc wizard!
The orc wizard is heavily wounded!
The iguana closely misses you! The orc wizard barely misses you!
Unknown command!
Read which item? (? for menu, Esc to quit)
As you read the scroll labeled QUF SODEKOV, it crumbles to dust!
You feel blessed for a moment!
It was a scroll of remove curse!
The iguana bites you!!! rip

Action                   |  1- 3 |  4- 6 || total
-------------------------+-------+-------++-------
Melee: Unarmed           |   128 |   279 ||   407
  Use: Scroll            |       |     1 ||     1
 Stab: Sleeping          |     5 |     7 ||    12

Vault maps used:
D:1:      wheals_arrival_shading, minmay_fountain_box
D:2:      cheibriados_altar_1, first_bread
D:3:      elyvilon_altar_1, uniq_terence
D:4:      corexii_shack_village, kennysheep_mini,
          minmay_temple_entry_large_hall, uniq_sigmund

Notes
Turn   | Place    | Note
--------------------------------------------------------------
     0 | D:1      | GrosslyIncandescent the Mummy Monk began the quest for the Orb.
     0 | D:1      | Reached XP level 1. HP: 18/18 MP: 1/1
   193 | D:1      | Reached XP level 2. HP: 14/24 MP: 2/2
   449 | D:1      | Reached skill level 4 in Unarmed Combat
   464 | D:1      | Reached XP level 3. HP: 7/29 MP: 3/3
  1692 | D:1      | Reached XP level 4. HP: 6/35 MP: 4/4
  2199 | D:2      | Found a snail-covered altar of Cheibriados.
  2496 | D:2      | Reached skill level 5 in Unarmed Combat
  3236 | D:3      | Noticed Terence
  3238 | D:3      | Reached XP level 5. HP: 39/41 MP: 5/5
  3493 | D:3      | Noticed a centaur
  3495 | D:3      | *Interesting Situations*
  3716 | D:2      | Reached skill level 4 in Fighting
  4118 | D:4      | Found a staircase to the Ecumenical Temple.
  4352 | D:4      | Noticed Sigmund
  4556 | D:4      | Reached skill level 5 in Fighting
  4657 | D:4      | Reached XP level 6. HP: 40/51 MP: 6/6
  4696 | D:3      | thanks for the buckler
  4787 | D:3      | Reached skill level 3 in Dodging
  5283 | D:3      | Found a white marble altar of Elyvilon.
  5503 | D:3      | Slain by an iguana

Vanquished Creatures
  A centaur (D:3)
  A scorpion (D:4)
  A howler monkey (D:4)
  An orc wizard (D:3)
  3 adders (D:2)
  6 gnolls
  2 oozes
  2 adder skeletons (D:4)
  A worm (D:4)
  4 dart slugs
  4 giant geckos
  9 orcs
  2 ball pythons
  13 bats
  4 giant cockroaches
  12 goblins
  6 hobgoblins
  6 jackals
  10 kobolds
  2 quokkas
  5 giant newts
  10 rats
105 creatures vanquished.
